 Dungeon Crawl Stone Soup version 0.24.0-123-gd5b16e6ec5 (webtiles) character file.

Game seed: 8568293163530283847, levelgen mode: deterministic

10229 SeryemOne the Thaumaturge (level 11, -1/82 HPs)
             Began as a Gnoll Wizard on Jan 11, 2020.
             Was a High Priest of Okawaru.
             Killed from afar by a bog body (34 damage)
             ... with a bolt of cold
             ... on level 1 of the Lair of Beasts.
             The game lasted 01:09:35 (15141 turns).

SeryemOne the Thaumaturge (Gnoll Wizard)           Turns: 15141, Time: 01:09:36

Health: -1/82      AC:  9    Str: 11    XL:     11   Next: 58%
Magic:  19/24      EV: 19    Int: 22    God:    Okawaru [*****.]
Gold:   392        SH: 10    Dex: 23    Spells: 18/29 levels left

rFire    + . .     SeeInvis .   a - +7 hand axe (freeze)
rCold    . . .     Gourm    .   l - +3 buckler {rF+}
rNeg     . . .     Faith    .   C - +1 robe of Hukkot Zutapt {Dex+9}
rPois    .         Spirit   .   t - +2 helmet
rElec    .         Reflect  .   (no cloak)
rCorr    .         Harm     .   m - +0 pair of gloves
MR       .....                  y - +0 pair of boots
Stlth    ++++......             c - amulet of the acrobat
HPRegen  0.23/turn              (no ring)
MPRegen  0.19/turn              (no ring)

@: slowed, very slow
A: distributed training, fangs 1, strong nose
a: Heroism, Finesse, Renounce Religion


You were on level 1 of the Lair of Beasts.
You worshipped Okawaru.
Okawaru was extremely pleased with you.
You were not hungry.

You visited 3 branches of the dungeon, and saw 13 of its levels.
You also visited: Bailey.

You collected 816 gold pieces.
You spent 424 gold pieces at shops.

Inventory:

Hand Weapons
 a - a +7 hand axe of freezing (weapon)
 b - the +8 hunting sling of a Labyrinth {flame, -Tele rPois rN+++ Dex+2 Stlth-}
   (Okawaru gifted it to you on level 10 of the Dungeon)

   It causes projectiles fired from it to burn those they strike, causing extra
   injury to most foes and up to half again as much damage against particularly
   susceptible opponents.
   It affects your dexterity (+2).
   It protects you from poison.
   It renders you almost immune to negative energy.
   It prevents most forms of teleportation.
   It makes you less stealthy.
 g - a +1 dagger of venom
 G - the +3 scimitar "Pitiviozof" {venom, rC+ rN+}
   (You bought it in a shop on level 9 of the Dungeon)

   It poisons the flesh of those it strikes.
   It protects you from cold.
   It protects you from negative energy.
Missiles
 F - 2 throwing nets (quivered)
 H - 46 sling bullets
 I - 187 stones
Armour
 l - a +3 buckler of fire resistance (worn)
 m - a +0 pair of gloves (worn)
 t - a +2 helmet (worn)
 y - a +0 pair of boots (worn)
 C - the +1 robe of Hukkot Zutapt (worn) {Dex+9}
   (You found it on level 9 of the Dungeon)

   It affects your dexterity (+9).
Jewellery
 c - an amulet of the acrobat (around neck)
 p - an uncursed amulet of magic regeneration
 q - an uncursed amulet of faith
Wands
 i - a wand of random effects (15)
 o - a wand of iceblast (19)
Scrolls
 k - a scroll of fog
 r - 4 scrolls of enchant armour
 s - 2 scrolls of identify
 v - a scroll of enchant weapon
 w - 3 scrolls of remove curse
 x - a scroll of magic mapping
 z - a scroll of teleportation
Potions
 h - a potion of lignification
 j - 2 potions of haste {unknown}
 n - a potion of brilliance {unknown}
 u - 3 potions of ambrosia {unknown}
 A - a potion of resistance {unknown}
 B - 4 potions of flight
 D - a potion of agility {unknown}
 E - a potion of berserk rage {unknown}
 K - a potion of curing
Miscellaneous
 e - a box of beasts
 f - a fan of gales
Comestibles
 d - 6 rations
 J - 2 chunks of flesh


   Skills:
 + Level 6.3 Fighting
 + Level 6.3 Short Blades
 + Level 6.3 Long Blades
 + Level 6.3 Axes
 + Level 6.3 Maces & Flails
 + Level 6.3 Polearms
 + Level 6.3 Staves
 + Level 6.3 Slings
 + Level 6.3 Bows
 + Level 6.3 Crossbows
 + Level 6.3 Throwing
 + Level 6.3 Armour
 + Level 7.9 Dodging
 + Level 7.6 Stealth
 + Level 6.3 Shields
 + Level 6.3 Unarmed Combat
 + Level 9.6 Spellcasting
 + Level 5.7 Conjurations
 + Level 5.2 Hexes
 + Level 5.2 Charms
 + Level 5.7 Summonings
 + Level 5.2 Necromancy
 + Level 5.7 Translocations
 + Level 5.2 Transmutations
 + Level 5.2 Fire Magic
 + Level 5.2 Ice Magic
 + Level 5.2 Air Magic
 + Level 5.2 Earth Magic
 + Level 5.2 Poison Magic
 + Level 6.9 Invocations
 + Level 6.3 Evocations


You had 18 spell levels left.
You knew the following spells:

 Your Spells              Type           Power        Failure   Level  Hunger
a - Magic Dart            Conj           ####         1%          1    None
b - Call Imp              Summ           #####...     1%          2    None
e - Conjure Flame         Conj/Fire      ####....     1%          3    None
f - Mephitic Cloud        Conj/Pois/Air  ####....     1%          3    None
i - Blink                 Tloc           N/A          1%          2    None

Your spell library contained the following spells:

 Spells                   Type           Power        Failure   Level  Hunger
 Slow                     Hex            ####....     1%          2    None


Dungeon Overview and Level Annotations

Branches:
Dungeon (10/15)            Temple (1/1) D:6            Lair (2/6) D:9
 Bailey (visited)
  Swamp: Lair:2-4    Shoals: Lair:2-4     Snake: Lair:2-4    Spider: Lair:2-4
    Orc: D:9-12

Altars:
Ashenzari
Cheibriados
Dithmenos
Elyvilon
Fedhas
Gozag
Hepliaklqana
Kikubaaqudgha
Makhleb
Nemelex Xobeh
Okawaru
Qazlal
Ru
Sif Muna
Trog
Uskayaw
Vehumet
Wu Jian
Xom
Yredelemnul
Zin
The Shining One
Beogh

Shops:
D:4 *   D:6 [   D:9 (

Annotations:
D:4 exclusion: ogre
D:10 Gastronok


Innate Abilities, Weirdness & Mutations

Your experience applies equally to all skills.
You have very sharp teeth.
Your uncanny sense of smell can sniff out nearby items.


Message History

Confirm with . or Enter, or press ? or * to list all spells.
A beastly little devil appears in a puff of flame.
Casting: Call Imp (safe; 1% risk of failure)
Confirm with . or Enter, or press ? or * to list all spells.
Aiming: Magic Dart (safe; 1% risk of failure)
Press: ? - help, Shift-Dir - straight line, f - bog body
Aim: a bog body
Okay, then.
Okay, then.
Okay, then.
Press: ? - help, v - describe, . - travel
Here: a bog body The floor.
Casting: Magic Dart (safe; 1% risk of failure)
Confirm with . or Enter, or press ? or * to list all spells.
A beastly little devil appears in a puff of flame.
Your crimson imp misses the bog body.
The bog body points at you and mumbles some strange words.
The bolt of cold hits you!!
You die...

### ### #.####.#
#.....## ##.....#
#......####
##.....#..##
#.........## ###
#.5........# #..
#@........## ##.
#.n.......# #.
#.5...#...### ###.
##.....>....###.#.
######...P......#.....
#..................##.
##.................##.
####.#..#......#.###.
#.####......#.###.


You could see a bog body and 2 friendly crimson imps.

Vanquished Creatures
  3 two-headed ogres
  Sonja (D:10)
  2 orc knights (Bailey)
  A spiny frog (Lair:1)
  A komodo dragon (Lair:1)
  A merfolk (D:9)
  3 hippogriffs
  2 wyverns (D:9)
  A basilisk (Lair:1)
  A porcupine (Lair:1)
  9 orc warriors
  2 eyes of draining
  2 centaurs
  An ice beast (D:6)
  2 necrophages
  5 ogres
  5 crocodiles
  A big kobold (D:8)
  5 bullfrogs
  5 scorpions
  6 wights
  An electric eel (Lair:1)
  3 howler monkeys
  4 crimson imps
  2 centaur zombies
  2 quasits
  4 centaur skeletons
  4 orc priests
  7 hounds
  3 jellies
  A bullfrog skeleton (D:7)
  5 orc wizards
  3 iguanas
  5 worker ants
  A killer bee zombie (D:9)
  A hound zombie (D:8)
  A worker ant zombie (D:9)
  3 gnolls
  A river rat (D:3)
  6 adders
  An ooze (D:2)
  3 worms
  5 dart slugs
  2 leopard geckos
  44 orcs
  4 ball pythons
  8 giant cockroaches
  14 goblins
  13 hobgoblins
  11 jackals
  23 kobolds
  8 quokkas
  4 bats
  8 frilled lizards
  A jackal skeleton (D:6)
  10 rats
275 creatures vanquished.

Vanquished Creatures (collateral kills)
  An ogre (D:4)
  A phantom (D:7)
  A centaur (D:7)
  2 bullfrogs (D:7)
  2 wights (D:7)
  A howler monkey (D:9)
  A crimson imp (D:3)
  A hound (D:4)
  An orc priest (D:3)
  Robin (D:3)
  A river rat (D:3)
  A shadow imp (D:7)
  A leopard gecko (D:3)
  A giant cockroach (D:6)
  A goblin (D:3)
  A bat (D:3)
18 creatures vanquished.

Grand Total: 293 creatures vanquished

Notes
Turn   | Place    | Note
-------+----------+-------------------------------------------
     0 | D:1      | SeryemOne the Gnoll Wizard began the quest for the Orb.
     0 | D:1      | Reached XP level 1. HP: 13/13 MP: 8/8
   188 | D:1      | Reached XP level 2. HP: 19/19 MP: 5/10
   192 | D:1      | Learned a level 2 spell: Call Imp
   195 | D:1      | Learned a level 2 spell: Blink
   388 | D:1      | Reached XP level 3. HP: 25/25 MP: 7/11
   393 | D:1      | Learned a level 3 spell: Conjure Flame
   397 | D:1      | Learned a level 3 spell: Mephitic Cloud
  1073 | D:2      | Reached skill level 1 in Invocations
  1130 | D:2      | You fall into a shaft and drop 2 floors!
  1135 | D:4      | Noticed an ogre
  1143 | D:4      | Noticed an ogre
  1309 | D:3      | Reached skill level 1 in Fighting
  1309 | D:3      | Reached skill level 1 in Short Blades
  1309 | D:3      | Reached skill level 1 in Long Blades
  1309 | D:3      | Reached skill level 1 in Axes
  1309 | D:3      | Reached skill level 1 in Maces & Flails
  1309 | D:3      | Reached skill level 1 in Polearms
  1309 | D:3      | Reached skill level 1 in Staves
  1309 | D:3      | Reached skill level 1 in Slings
  1309 | D:3      | Reached skill level 1 in Bows
  1309 | D:3      | Reached skill level 1 in Crossbows
  1309 | D:3      | Reached skill level 1 in Throwing
  1309 | D:3      | Reached skill level 1 in Armour
  1309 | D:3      | Reached skill level 1 in Shields
  1309 | D:3      | Reached skill level 1 in Unarmed Combat
  1309 | D:3      | Reached skill level 1 in Evocations
  1360 | D:3      | Reached XP level 4. HP: 25/32 MP: 1/13
  1561 | D:2      | Found a blossoming altar of Fedhas.
  1733 | D:2      | Reached skill level 1 in Hexes
  1733 | D:2      | Reached skill level 1 in Charms
  1733 | D:2      | Reached skill level 1 in Necromancy
  1733 | D:2      | Reached skill level 1 in Transmutations
  1733 | D:2      | Reached skill level 1 in Fire Magic
  1733 | D:2      | Reached skill level 1 in Ice Magic
  1733 | D:2      | Reached skill level 1 in Air Magic
  1733 | D:2      | Reached skill level 1 in Earth Magic
  1733 | D:2      | Reached skill level 1 in Poison Magic
  1733 | D:2      | Reached XP level 5. HP: 37/37 MP: 0/14
  3029 | D:3      | Noticed Robin
  3072 | D:3      | Reached XP level 6. HP: 44/44 MP: 3/16
  3305 | D:3      | Killed Robin
  3694 | D:3      | Reached skill level 5 in Dodging
  4169 | D:4      | Reached XP level 7. HP: 50/50 MP: 9/18
  4404 | D:4      | Found Bish's Lightly-Used Armoury.
  4410 | D:4      | Bought a -1 lajatang for 120 gold pieces
  4410 | D:4      | Bought a -3 triple crossbow for 1 gold piece
  4585 | D:4      | Bought a -1 triple crossbow for 60 gold pieces
  4602 | D:4      | Found an ornate altar of the Wu Jian Council.
  5059 | D:5      | Entered Level 5 of the Dungeon
  5681 | D:6      | Reached skill level 5 in Stealth
  5685 | D:6      | Found Gybetzio's Antique Armour Shoppe.
  5776 | D:6      | Reached XP level 8. HP: 52/57 MP: 19/19
  6528 | D:5      | HP: 4/82 [poisoned by a scorpion]
  6534 | D:5      | HP: 2/82 [poisoned by a scorpion]
  6540 | D:5      | HP: 2/82 [poisoned by a scorpion]
  6548 | D:5      | HP: 1/82 [poisoned by a scorpion]
  6883 | D:5      | Reached skill level 8 in Spellcasting
  7334 | D:6      | Found a staircase to the Ecumenical Temple.
  7622 | Temple   | Entered the Ecumenical Temple
  7783 | Temple   | Became a worshipper of Warmaster Okawaru
  7978 | D:6      | Reached XP level 9. HP: 21/65 MP: 9/21
  7980 | D:6      | Reached * piety under Okawaru
  8239 | D:7      | Found a flagged portal.
  8246 | Bailey   | Entered a bailey
  8284 | Bailey   | Noticed an orc knight
  8371 | Bailey   | Noticed an orc knight
  8624 | Bailey   | Killed an orc knight
  8624 | Bailey   | Reached ** piety under Okawaru
  8984 | Bailey   | Killed an orc knight
  8984 | Bailey   | Reached skill level 5 in Invocations
  9610 | D:7      | Reached XP level 10. HP: 73/73 MP: 14/22
  9616 | D:7      | Reached *** piety under Okawaru
 10741 | D:8      | Reached skill level 5 in Fighting
 10741 | D:8      | Reached skill level 5 in Short Blades
 10741 | D:8      | Reached skill level 5 in Long Blades
 10741 | D:8      | Reached skill level 5 in Axes
 10741 | D:8      | Reached skill level 5 in Maces & Flails
 10741 | D:8      | Reached skill level 5 in Polearms
 10741 | D:8      | Reached skill level 5 in Staves
 10741 | D:8      | Reached skill level 5 in Slings
 10741 | D:8      | Reached skill level 5 in Bows
 10741 | D:8      | Reached skill level 5 in Crossbows
 10741 | D:8      | Reached skill level 5 in Throwing
 10741 | D:8      | Reached skill level 5 in Armour
 10741 | D:8      | Reached skill level 5 in Shields
 10741 | D:8      | Reached skill level 5 in Unarmed Combat
 10741 | D:8      | Reached skill level 5 in Evocations
 10894 | D:8      | Noticed a two-headed ogre
 10972 | D:8      | Killed a two-headed ogre
 11173 | D:9      | Noticed a two-headed ogre
 11183 | D:9      | Killed a two-headed ogre
 11183 | D:9      | Reached skill level 9 in Spellcasting
 11183 | D:9      | Reached skill level 5 in Conjurations
 11183 | D:9      | Reached skill level 5 in Summonings
 11183 | D:9      | Reached skill level 5 in Translocations
 11215 | D:9      | Got a slimy robe
 11225 | D:9      | Identified the cursed +1 robe of Hukkot Zutapt {Dex+9} (You
                  | found it on level 9 of the Dungeon)
 11300 | D:9      | Reached **** piety under Okawaru
 11355 | D:9      | Found Ibobrur's Antique Weapon Emporium.
 11513 | D:9      | Found a staircase to the Lair.
 11823 | D:9      | Noticed a two-headed ogre
 11839 | D:9      | Killed a two-headed ogre
 11839 | D:9      | Reached XP level 11. HP: 73/81 MP: 15/24
 12117 | D:10     | Entered Level 10 of the Dungeon
 12212 | D:10     | Found a roughly hewn altar of Beogh.
 12352 | D:10     | Received a gift from Okawaru
 12425 | D:10     | Reached skill level 5 in Hexes
 12425 | D:10     | Reached skill level 5 in Charms
 12425 | D:10     | Reached skill level 5 in Necromancy
 12425 | D:10     | Reached skill level 5 in Transmutations
 12425 | D:10     | Reached skill level 5 in Fire Magic
 12425 | D:10     | Reached skill level 5 in Ice Magic
 12425 | D:10     | Reached skill level 5 in Air Magic
 12425 | D:10     | Reached skill level 5 in Earth Magic
 12425 | D:10     | Reached skill level 5 in Poison Magic
 12527 | D:9      | Bought a fine scimitar for 243 gold pieces
 12527 | D:9      | Identified the +3 scimitar "Pitiviozof" {venom, rC+ rN+}
                  | (You bought it in a shop on level 9 of the Dungeon)
 12738 | D:10     | Noticed Gastronok
 13112 | D:10     | Noticed Sonja
 13118 | D:10     | Killed Sonja
 13118 | D:10     | Reached ***** piety under Okawaru
 13118 | D:10     | Received a gift from Okawaru
 13168 | D:10     | Got a scorched hunting sling {god gift}
 13168 | D:10     | Identified the +8 hunting sling of a Labyrinth {flame,
                  | -Tele rPois rN+++ Dex+2 Stlth-} (Okawaru gifted it to you
                  | on level 10 of the Dungeon)
 14017 | Lair:1   | Entered Level 1 of the Lair of Beasts
 15141 | Lair:1   | Killed from afar by a bog body

Levels and vault maps discovered:
D:1:      dpeg_arrival_oval, layout_basic
D:2:      layout_rooms, fedhas_altar_1
D:3:      kb_forest_paths, layout_rooms, portal_sewer_entry_b, uniq_robin
D:4:      layout_cave_pods, nicolae_overflow_crystal_walls, minmay_shop_damaged
D:5:      layout_rooms, first_ration, serial_bayou_pond_c
D:6:      layout_loops_ring, temple_hall, serial_shops, nicolae_shop_statue_plus
D:7:      layout_rooms, lightli_ossuary_entry_decrepit_ruins, enter_bailey_2
D:8:      layout_loops_corners
D:9:      layout_roguey, lair_entry_dummy, serial_shops, nicolae_shop_crystal,
          interstate_on_off, hangedman_fish_farm
D:10:     layout_roguey [special_room_orc], serial_co_window_serial,
          co_window_paths_b, co_window_paths_b, co_window_paths_b,
          co_window_paths_a, co_window_paths_a, co_window_unsneaky_path_b,
          co_window_unsneaky_path_e, co_window_corner_b, glass_columns_a,
          glass_columns_c, glass_columns_c, glass_columns_b, chequers_jeans,
          minivault_26, uniq_gastronok, uniq_sonja
Temple:   kilobyte_greek_temple
Lair:1:   layout_gridlike
Lair:2:   layout_regular_city, skrybe_swamp_entry_bodies, spider_nest_entry_webs

Skill      XL: |  1  2  3  4  5  6  7  8  9 10 11 |
---------------+----------------------------------+-----
Conjurations   | 2 3 4 5 |  5.7
Summonings     | 2 3 4 5 |  5.7
Translocations | 2 3 4 5 |  5.7
Invocations    | 1 2 3 4 5 6 |  6.9
Fighting       | 1 2 3 4 5 6 |  6.3
Short Blades   | 1 2 3 4 5 6 |  6.3
Long Blades    | 1 2 3 4 5 6 |  6.3
Axes           | 1 2 3 4 5 6 |  6.3
Maces & Flails | 1 2 3 4 5 6 |  6.3
Polearms       | 1 2 3 4 5 6 |  6.3
Staves         | 1 2 3 4 5 6 |  6.3
Slings         | 1 2 3 4 5 6 |  6.3
Bows           | 1 2 3 4 5 6 |  6.3
Crossbows      | 1 2 3 4 5 6 |  6.3
Throwing       | 1 2 3 4 5 6 |  6.3
Armour         | 1 2 3 4 5 6 |  6.3
Shields        | 1 2 3 4 5 6 |  6.3
Unarmed Combat | 1 2 3 4 5 6 |  6.3
Evocations     | 1 2 3 4 5 6 |  6.3
Hexes          | 1 2 3 4 5 |  5.2
Charms         | 1 2 3 4 5 |  5.2
Necromancy     | 1 2 3 4 5 |  5.2
Transmutations | 1 2 3 4 5 |  5.2
Fire Magic     | 1 2 3 4 5 |  5.2
Ice Magic      | 1 2 3 4 5 |  5.2
Air Magic      | 1 2 3 4 5 |  5.2
Earth Magic    | 1 2 3 4 5 |  5.2
Poison Magic   | 1 2 3 4 5 |  5.2
Dodging        | 5 6 7 |  7.9
Stealth        | 5 6 7 |  7.6
Spellcasting   | 8 9 |  9.6

Action                   |  1- 3 |  4- 6 |  7- 9 | 10-12 || total
-------------------------+-------+-------+-------+-------++-------
Melee: Dagger            |     9 |    40 |    45 |    25 ||   119
       Bite              |     1 |     6 |     7 |    25 ||    39
       Lajatang          |       |       |     8 |       ||     8
       Hand axe          |       |       |       |   134 ||   134
       Staff             |       |       |       |     6 ||     6
       Scimitar          |       |       |       |     6 ||     6
 Fire: Triple crossbow   |       |       |    57 |       ||    57
       Hunting sling     |       |       |       |    44 ||    44
 Cast: Magic Dart        |    87 |   149 |   254 |   147 ||   637
       Call Imp          |     3 |    19 |    23 |    11 ||    56
       Mephitic Cloud    |       |     9 |    15 |    31 ||    55
       Conjure Flame     |       |     4 |    19 |    25 ||    48
       Blink             |       |       |    10 |     2 ||    12
  Use: Scroll            |       |     4 |     5 |     5 ||    14
       Potion            |       |       |     5 |       ||     5
 Stab: Confused          |       |     2 |     1 |    14 ||    17
       Sleeping          |       |       |       |     5 ||     5
       Distracted        |       |       |       |     2 ||     2
  Eat: Chunk             |     1 |     8 |    10 |    14 ||    33
       Ration            |       |       |     2 |     1 ||     3
Armor: Leather armour    |     2 |    28 |       |       ||    30
       Ring mail         |       |       |    62 |     8 ||    70
       Robe              |       |       |       |    19 ||    19
Dodge: Dodged            |    18 |    70 |   107 |    98 ||   293
Block: Buckler           |       |    15 |    33 |    60 ||   108
